TOP OF THE 1ST |
Scottsdale Scorpions batting - Pitching for Nantucket Orcas : RHP Terry Leroux
|
Pitching: RHP Terry Leroux
|
|
Batting: LHB Ernesto Hernández
|
0-0: SINGLE (Line Drive, 4D)
|
Batting: RHB José Martínez
|
0-0: Ball Ernesto Hernández steals 2nd base 1-0: Fly out, F8 (Line Drive, 8LS)
|
Batting: LHB Shawn Brown
|
0-0: Called Strike 0-1: Called Strike 0-2: Strikes out looking
|
Batting: LHB Tony Ayala
|
0-0: Ball 1-0: Called Strike 1-1: Called Strike 1-2: Ball 2-2: SINGLE (Line Drive, 4M) Ernesto Hernández to third Runner from 3rd tries for Home, SAFE, throw made home
|
Batting: RHB Steve Boyer
|
0-0: Ball 1-0: Called Strike 1-1: Ball 2-1: Swinging Strike 2-2: Ball 3-2: Foul Ball, location: 2F 3-2: Foul Ball, location: 2F 3-2: Ground out 5-3 (Groundball, 5)
|
Top of the 1st over - 1 run, 2 hits, 0 errors, 1 left on base; Scottsdale 1 - Nantucket 0 |
BOTTOM OF THE 1ST |
Nantucket Orcas batting - Pitching for Scottsdale Scorpions : RHP Pablo Martínez
|
Pitching: RHP Pablo Martínez
|
|
Batting: RHB Charlie Pérez
|
0-0: Called Strike 0-1: Ball 1-1: Foul Ball, location: 2F 1-2: Ball 2-2: Strikes out swinging
|
Batting: RHB Demetrio Inrouville
|
0-0: Fly out, F7 (Line Drive, 7)
|
Batting: LHB Eugene Lee
|
0-0: Called Strike 0-1: Ball 1-1: TRIPLE (Line Drive, 8RXD)
|
Batting: RHB Fernando Álvarez
|
0-0: Ball 1-0: Ball 2-0: Ball 3-0: Called Strike 3-1: Ground out 6-3 (Groundball, 6)
|
Bottom of the 1st over - 0 runs, 1 hit, 0 errors, 1 left on base; Scottsdale 1 - Nantucket 0 |
TOP OF THE 2ND |
Scottsdale Scorpions batting - Pitching for Nantucket Orcas : RHP Terry Leroux
|
Batting: LHB Ángel De Jesús
|
0-0: Ball 1-0: Called Strike 1-1: Foul Ball, location: 2F 1-2: Ball 2-2: Foul Ball, location: 2F 2-2: Ball 3-2: Strikes out looking
|
Batting: RHB Miguel Ramos
|
0-0: Ball 1-0: Ball 2-0: Ball 3-0: Called Strike 3-1: Swinging Strike 3-2: Ground out U3 (Groundball, 34)
|
Batting: RHB Dean Oglethorpe
|
0-0: Ball 1-0: Swinging Strike 1-1: Foul Ball, location: 2F 1-2: Ball 2-2: Strikes out looking
|
Top of the 2nd over - 0 runs, 0 hits, 0 errors, 0 left on base; Scottsdale 1 - Nantucket 0 |
BOTTOM OF THE 2ND |
Nantucket Orcas batting - Pitching for Scottsdale Scorpions : RHP Pablo Martínez
|
Batting: RHB Matt Dundee
|
0-0: Foul Ball, location: 2F 0-1: Foul Ball, location: 2F 0-2: Ball 1-2: Ball 2-2: Foul Ball, location: 2F 2-2: Foul Ball, location: 2F 2-2: Ball 3-2: Base on Balls
|
Batting: LHB Alfonso Vélez
|
0-0: Ball 1-0: Grounds into double play, 4-6-3 (Groundball, 34D)
|
Batting: RHB Paul Bell
|
0-0: Ground out 6-3 (Groundball, 56)
|
Bottom of the 2nd over - 0 runs, 0 hits, 0 errors, 0 left on base; Scottsdale 1 - Nantucket 0 |
TOP OF THE 3RD |
Scottsdale Scorpions batting - Pitching for Nantucket Orcas : RHP Terry Leroux
|
Batting: RHB Rob Johnston
|
0-0: Ball 1-0: Ground out 1-3 (Groundball, 13)
|
Batting: LHB Ernesto Hernández
|
0-0: Ball 1-0: Ball 2-0: SINGLE (Groundball, 34D)
|
Batting: RHB José Martínez
|
0-0: Ball 1-0: Hit by Pitch Ernesto Hernández to second
|
Batting: LHB Shawn Brown
|
0-0: Ball 1-0: Ball 2-0: Fly out, F7 (Line Drive, 7D)
|
Batting: LHB Tony Ayala
|
0-0: Called Strike 0-1: Ball 1-1: Ball 2-1: Ball 3-1: Ground out U3 (Groundball, 3)
|
Top of the 3rd over - 0 runs, 1 hit, 0 errors, 2 left on base; Scottsdale 1 - Nantucket 0 |
BOTTOM OF THE 3RD |
Nantucket Orcas batting - Pitching for Scottsdale Scorpions : RHP Pablo Martínez
|
Batting: RHB Curt O'Brian
|
0-0: Swinging Strike 0-1: Swinging Strike 0-2: Ball 1-2: SINGLE (Groundball, 34D)
|
Batting: RHB Norberto Navarro
|
0-0: Ball 1-0: SINGLE (Line Drive, 7S) Curt O'Brian to second
|
Batting: RHB Charlie Pérez
|
0-0: Called Strike 0-1: Called Strike 0-2: Foul Ball, location: 2F 0-2: Ball 1-2: Strikes out swinging
|
Batting: RHB Demetrio Inrouville
|
0-0: Swinging Strike 0-1: Ball 1-1: Foul Ball, location: 2F 1-2: Ball 2-2: Ball 3-2: Strikes out swinging
|
Batting: LHB Eugene Lee
|
0-0: Ball 1-0: Ground out 1-3 (Groundball, P)
|
Bottom of the 3rd over - 0 runs, 2 hits, 0 errors, 2 left on base; Scottsdale 1 - Nantucket 0 |
TOP OF THE 4TH |
Scottsdale Scorpions batting - Pitching for Nantucket Orcas : RHP Terry Leroux
|
Batting: RHB Steve Boyer
|
0-0: Called Strike 0-1: Called Strike 0-2: Strikes out swinging
|
Batting: LHB Ángel De Jesús
|
0-0: Ball 1-0: Fly out, F9 (Flyball, 9)
|
Batting: RHB Miguel Ramos
|
0-0: Ball 1-0: Fly out, F4 (Line Drive, 4)
|
Top of the 4th over - 0 runs, 0 hits, 0 errors, 0 left on base; Scottsdale 1 - Nantucket 0 |
BOTTOM OF THE 4TH |
Nantucket Orcas batting - Pitching for Scottsdale Scorpions : RHP Pablo Martínez
|
Batting: RHB Fernando Álvarez
|
0-0: Called Strike 0-1: Ball 1-1: Called Strike 1-2: Ball 2-2: Ball 3-2: Strikes out looking
|
Batting: RHB Matt Dundee
|
0-0: Called Strike 0-1: Ball 1-1: Ground out U3 (Groundball, 3S)
|
Batting: LHB Alfonso Vélez
|
0-0: Foul Ball, location: 2F 0-1: Foul Ball, location: 2F 0-2: Ball 1-2: SINGLE (Groundball, 6MD)
|
Batting: RHB Paul Bell
|
0-0: Swinging Strike 0-1: Ground out 1-3 (Groundball, 13S)
|
Bottom of the 4th over - 0 runs, 1 hit, 0 errors, 1 left on base; Scottsdale 1 - Nantucket 0 |
TOP OF THE 5TH |
Scottsdale Scorpions batting - Pitching for Nantucket Orcas : RHP Terry Leroux
|
Batting: RHB Dean Oglethorpe
|
0-0: Called Strike 0-1: SINGLE (Flyball, 7LS)
|
Batting: RHB Rob Johnston
|
0-0: Called Strike 0-1: Ball 1-1: Ball 2-1: Foul Ball, location: 2F 2-2: Ball 3-2: SINGLE (Line Drive, 9LS) Dean Oglethorpe to second Runner from 2nd tries for 3rd, SAFE, no throw
|
Batting: LHB Ernesto Hernández
|
0-0: Ball Rob Johnston steals 2nd base 1-0: Intentional Walk
|
Batting: RHB José Martínez
|
0-0: Called Strike 0-1: Foul Ball, location: 2F 0-2: Fly out, F9 (Flyball, 89S) Runner from 3rd tags up, OUT at HOME Rob Johnston to third Ernesto Hernández to second
|
Batting: LHB Shawn Brown
|
0-0: Ball 1-0: Called Strike 1-1: Foul Ball, location: 2F 1-2: Strikes out swinging
|
Top of the 5th over - 0 runs, 2 hits, 0 errors, 2 left on base; Scottsdale 1 - Nantucket 0 |
BOTTOM OF THE 5TH |
Nantucket Orcas batting - Pitching for Scottsdale Scorpions : RHP Pablo Martínez
|
Batting: RHB Curt O'Brian
|
0-0: Ball 1-0: Ball 2-0: Ball 3-0: Called Strike 3-1: Foul Ball, location: 2F 3-2: Base on Balls
|
Batting: RHB Norberto Navarro
|
0-0: Ball 1-0: Ball 2-0: Called Strike 2-1: Ball 3-1: Base on Balls Curt O'Brian to second
|
Batting: RHB Charlie Pérez
|
0-0: Ball 1-0: Fielders Choice at 2nd, 4-6 (Groundball, 4M) Curt O'Brian to third
|
Batting: RHB Demetrio Inrouville
|
0-0: Ball 1-0: Ball Charlie Pérez is caught stealing 2nd base 2-0: Ball 3-0: Called Strike 3-1: Foul Ball, location: 2F 3-2: Foul Ball, location: 2F 3-2: SINGLE (Groundball, 5S) (infield hit) Curt O'Brian scores
|
Pitching: RHP José Alvarado
|
|
Batting: LHB Eugene Lee
|
0-0: Called Strike 0-1: Called Strike Demetrio Inrouville is caught stealing 2nd base
|
Bottom of the 5th over - 1 run, 1 hit, 0 errors, 0 left on base; Scottsdale 1 - Nantucket 1 |
TOP OF THE 6TH |
Scottsdale Scorpions batting - Pitching for Nantucket Orcas : RHP Terry Leroux
|
Batting: LHB Tony Ayala
|
0-0: Ball 1-0: Ground out 1-3 (Groundball, 13)
|
Batting: RHB Steve Boyer
|
0-0: Called Strike 0-1: Ball 1-1: Swinging Strike 1-2: Foul Ball, location: 2F 1-2: Ball 2-2: Foul Ball, location: 2F 2-2: Strikes out looking
|
Batting: LHB Ángel De Jesús
|
0-0: Ball 1-0: Ball 2-0: Foul Ball, location: 2F 2-1: Swinging Strike 2-2: Ball 3-2: Base on Balls
|
Pitching: RHP Jason Willis
|
|
Batting: RHB Miguel Ramos
|
0-0: Ball 1-0: Foul Ball, location: 2F 1-1: Ball 2-1: Fly out, F6 (Popup, 6M)
|
Top of the 6th over - 0 runs, 0 hits, 0 errors, 1 left on base; Scottsdale 1 - Nantucket 1 |
BOTTOM OF THE 6TH |
Nantucket Orcas batting - Pitching for Scottsdale Scorpions : RHP José Alvarado
|
Batting: LHB Eugene Lee
|
0-0: Called Strike 0-1: Fly out, F7 (Flyball, 78M)
|
Batting: RHB Fernando Álvarez
|
0-0: Foul Ball, location: 2F 0-1: Ball 1-1: SINGLE (Groundball, 56D)
|
Batting: RHB Matt Dundee
|
0-0: Ball 1-0: Ball 2-0: Ball 3-0: Base on Balls Fernando Álvarez to second
|
Batting: LHB Alfonso Vélez
|
0-0: Ball 1-0: Ball 2-0: Ball 3-0: Called Strike 3-1: Called Strike 3-2: Base on Balls Fernando Álvarez to third Matt Dundee to second
|
Batting: RHB Paul Bell
|
0-0: Ball 1-0: Called Strike 1-1: SINGLE (Line Drive, 56) Fernando Álvarez scores Matt Dundee to third Alfonso Vélez to second Runner from 3rd tries for Home, SAFE, no throw
|
Pitching: RHP Jorge Chávez
|
|
Batting: RHB Curt O'Brian
|
0-0: Ball 1-0: Ball Alfonso Vélez steals 3rd base Paul Bell to second 2-0: SINGLE (Line Drive, 8LS) Alfonso Vélez scores Paul Bell to third
|
Batting: RHB Norberto Navarro
|
0-0: Ball 1-0: Ball Curt O'Brian is caught stealing 2nd base 2-0: Called Strike 2-1: Ball 3-1: Ground out 6-3 (Groundball, 6M)
|
Bottom of the 6th over - 3 runs, 3 hits, 0 errors, 1 left on base; Scottsdale 1 - Nantucket 4 |
TOP OF THE 7TH |
Scottsdale Scorpions batting - Pitching for Nantucket Orcas : RHP Jason Willis
|
Batting: RHB Dean Oglethorpe
|
0-0: Called Strike 0-1: Called Strike 0-2: Ball 1-2: Ball 2-2: Strikes out swinging
|
Batting: RHB Rob Johnston
|
0-0: Fly out, F9 (Flyball, 9LM)
|
Batting: LHB Ernesto Hernández
|
0-0: Foul Ball, location: 2F 0-1: Ball 1-1: Ground out 4-3 (Groundball, 4)
|
Top of the 7th over - 0 runs, 0 hits, 0 errors, 0 left on base; Scottsdale 1 - Nantucket 4 |
BOTTOM OF THE 7TH |
Nantucket Orcas batting - Pitching for Scottsdale Scorpions : RHP Jorge Chávez
|
Batting: RHB Charlie Pérez
|
0-0: Ball 1-0: Ball 2-0: Called Strike 2-1: Ball 3-1: Base on Balls
|
Batting: RHB Demetrio Inrouville
|
0-0: Ball 1-0: Foul Ball, location: 2F 1-1: Ball 2-1: 2-RUN HOME RUN (Flyball, 7LD), Distance : 344 ft
|
Batting: LHB Eugene Lee
|
0-0: Ball 1-0: Foul Ball, location: 2F 1-1: Ground out U3 (Groundball, 3L)
|
Batting: RHB Fernando Álvarez
|
0-0: Called Strike 0-1: Ball 1-1: Ball 2-1: DOUBLE (Groundball, 5L)
|
Batting: RHB Matt Dundee
|
0-0: Foul Ball, location: 2F 0-1: Ball 1-1: Ball 2-1: Called Strike 2-2: Foul Ball, location: 2F 2-2: Foul Ball, location: 2F 2-2: Strikes out looking
|
Batting: LHB Alfonso Vélez
|
0-0: Called Strike 0-1: Swinging Strike 0-2: Ball 1-2: Ground out U3 (Groundball, 34)
|
Bottom of the 7th over - 2 runs, 2 hits, 0 errors, 1 left on base; Scottsdale 1 - Nantucket 6 |
TOP OF THE 8TH |
Scottsdale Scorpions batting - Pitching for Nantucket Orcas : RHP Jason Willis
|
Batting: RHB José Martínez
|
0-0: Ball 1-0: Ball 2-0: Ball 3-0: Base on Balls
|
Batting: LHB Shawn Brown
|
0-0: Ball 1-0: Ball 2-0: Fly out, F5 (Popup, 5SF)
|
Batting: LHB Tony Ayala
|
0-0: Swinging Strike 0-1: Swinging Strike 0-2: Ball 1-2: Ground out 3-1 (Groundball, 34) José Martínez to second
|
Batting: RHB Steve Boyer
|
0-0: Ball 1-0: SINGLE (Line Drive, 34) José Martínez to third Runner from 3rd tries for Home, SAFE, throw made home
|
Batting: LHB Ángel De Jesús
|
0-0: Ball 1-0: Ball 2-0: Ball 3-0: Base on Balls Steve Boyer to second
|
Batting: RHB Miguel Ramos
|
0-0: SINGLE (Line Drive, 89S) Steve Boyer to third Ángel De Jesús to second Runner from 3rd tries for Home, SAFE, no throw
|
Batting: RHB Dean Oglethorpe
|
0-0: Called Strike 0-1: Ball 1-1: Ground out 5-3 (Groundball, 56S)
|
Top of the 8th over - 2 runs, 2 hits, 0 errors, 2 left on base; Scottsdale 3 - Nantucket 6 |
BOTTOM OF THE 8TH |
Nantucket Orcas batting - Pitching for Scottsdale Scorpions : RHP Jorge Chávez
|
Batting: RHB Paul Bell
|
0-0: Ball 1-0: SINGLE (Groundball, 6D)
|
Batting: RHB Curt O'Brian
|
0-0: Ground out 5-3 (Groundball, 25) Paul Bell to second
|
Batting: RHB Norberto Navarro
|
0-0: Ball 1-0: Ball 2-0: Ground out 5-3 (Groundball, 56)
|
Batting: RHB Charlie Pérez
|
0-0: Intentional Walk
|
Pitching: RHP Rick Díaz
|
|
Batting: RHB Demetrio Inrouville
|
0-0: Ball 1-0: Called Strike 1-1: Called Strike 1-2: Strikes out swinging
|
Bottom of the 8th over - 0 runs, 1 hit, 0 errors, 2 left on base; Scottsdale 3 - Nantucket 6 |
TOP OF THE 9TH |
Scottsdale Scorpions batting - Pitching for Nantucket Orcas : RHP Jason Willis
|
Pitching: RHP Gerard Pérez
|
|
Batting: RHB Rob Johnston
|
0-0: Called Strike 0-1: Ball 1-1: Foul Ball, location: 2F 1-2: Strikes out looking
|
Batting: LHB Ernesto Hernández
|
0-0: Called Strike 0-1: Ball 1-1: SINGLE (Groundball, 4MD)
|
Batting: RHB José Martínez
|
0-0: Ball 1-0: Ball 2-0: Called Strike 2-1: Ball 3-1: Foul Ball, location: 2F 3-2: Fly out, F7 (Line Drive, 78M)
|
Batting: LHB Shawn Brown
|
0-0: Ball 1-0: Called Strike 1-1: Ball 2-1: Foul Ball, location: 2F 2-2: Ball 3-2: Base on Balls Ernesto Hernández to second
|
Batting: LHB Tony Ayala
|
0-0: Foul Ball, location: 2F 0-1: Ball 1-1: Ball 2-1: Foul Ball, location: 2F 2-2: Foul Ball, location: 2F 2-2: Ball 3-2: Base on Balls Ernesto Hernández to third Shawn Brown to second
|
Batting: RHB Steve Boyer
|
0-0: Called Strike 0-1: Called Strike 0-2: Ball 1-2: Strikes out swinging
|
Top of the 9th over - 0 runs, 1 hit, 0 errors, 3 left on base; Scottsdale 3 - Nantucket 6 |
|